 Dungeon Crawl Stone Soup version 0.31.0-11-ge490571c62 (webtiles) character file.

Game seed: 18103128959143611227

47098 hawla the Cruncher (level 14, 0/76 HPs)
             Began as a Deep Elf Alchemist on Feb 7, 2024.
             Was a High Priest of Vehumet.
             Slain by a death yak (7 damage)
             ... on level 4 of the Lair of Beasts on Feb 8, 2024.
             The game lasted 01:18:38 (20721 turns).

hawla the Cruncher (Deep Elf Alchemist)            Turns: 20721, Time: 01:18:40

Health: 0/76       AC: 10    Str:  5    XL:     14   Next: 7%
Magic:  20/39      EV: 16    Int: 26    God:    Vehumet [*****.]
Gold:   826        SH:  0    Dex: 15    Spells: 2/33 levels left

rFire   . . .        d - staff of alchemy
rCold   . . .        (no shield)
rNeg    . . .        a - +2 robe
rPois   +            (no helmet)
rElec   .            x - scarf {repulsion}
rCorr   +            z - +2 pair of gloves
SInv    .            A - +2 pair of boots
Will    +....        (no amulet)
Stlth   ++           m - ring of magical power
HPRegen 0.32/turn    g - ring of resist corrosion
MPRegen 0.26/turn

%: repel missiles
@: no status effects
A: no striking features
a: Renounce Religion


You were on level 4 of the Lair of Beasts.
You worshipped Vehumet.
Vehumet was extremely pleased with you.
You visited 3 branches of the dungeon, and saw 16 of its levels.
You also visited: Bailey.

You collected 1110 gold pieces.
You spent 284 gold pieces at shops.

Inventory:

Hand Weapons
 e - a +4 scimitar of flaming
 q - a +3 lajatang of protection
 I - the +2 great sword of Unreason {venom, rF++ rN+}
   (You took it off a centaur warrior on level 9 of the Dungeon)

   rF++:      It greatly protects you from fire.
   rN+:       It protects you from negative energy.
Armour
 a - a +2 robe (worn)
 x - a scarf of repulsion (worn)
 z - a +2 pair of gloves (worn)
 A - a +2 pair of boots (worn)
Magical Staves
 d - a staff of alchemy (weapon)
 s - a staff of earth
 v - a staff of death
 L - a staff of cold
Jewellery
 g - a ring of resist corrosion (right hand)
 m - a ring of magical power (left hand)
 o - a ring of flight
 G - a +4 ring of protection
Wands
 p - a wand of roots (14)
 t - a wand of polymorph (15)
 y - a wand of light (25)
 C - a wand of flame (47)
 M - a wand of digging (3)
Scrolls
 c - a scroll of poison
 f - 3 scrolls of amnesia
 h - 4 scrolls of silence
 i - 8 scrolls of identify
 k - 5 scrolls of vulnerability
 u - 2 scrolls of teleportation
 B - a scroll of immolation
 D - 2 scrolls of fog
 E - a scroll of fear
 N - a scroll of enchant armour
 O - a scroll of summoning
 P - a scroll of enchant weapon
Potions
 b - 4 potions of might
 j - a potion of invisibility
 l - a potion of enlightenment
 n - 3 potions of degeneration
 w - 4 potions of curing
 H - 4 potions of attraction
 J - 2 potions of lignification
Miscellaneous
 r - a lightning rod (4/4)
 F - a phantom mirror


   Skills:
 + Level 4.0 Fighting
 - Level 14.0 Staves
 - Level 9.0 Dodging
 - Level 3.0 Stealth
 - Level 1.0 Unarmed Combat
 - Level 10.0 Spellcasting
 - Level 10.0 Conjurations
 - Level 2.0 Hexes
 - Level 4.0 Necromancy
 - Level 8.0 Translocations
 - Level 3.0 Fire Magic
 - Level 4.0 Ice Magic
 - Level 8.0 Air Magic
 - Level 3.0 Earth Magic
 - Level 6.0 Alchemy
 - Level 6.0 Evocations


You had 2 spell levels left.
You knew the following spells:

 Your Spells              Type           Power      Damage    Failure   Level
a - Sting                 Conj/Alch      100%       1d9       1%          1
b - Mercury Vapours       Alch/Air       100%       N/A       1%          2
c - Iskenderun's Mystic   Conj/Tloc      56%        2d12      1%          4
d - Olgreb's Toxic Radia  Alch           60%        N/A       1%          4
e - Blink                 Tloc           100%       N/A       1%          2
f - Tukima's Dance        Hex            23%        N/A       6%          3
g - Ignite Poison         Fire/Alch      53%        N/A       1%          4
h - Freezing Cloud        Conj/Ice/Air   25%        6-21      1%          5
i - Dispersal             Tloc           26%        N/A       26%         6

Your spell library contained the following spells:

 Spells                   Type           Power      Damage    Failure   Level
 Orb of Destruction       Conj           30%        9d10      17%         7
 Apportation              Tloc           100%       N/A       1%          1
 Magic Dart               Conj           100%       1d8       1%          1
 Necrotise                Necr           100%       1d9       1%          1
 Cigotuvi's Dreadful Rot  Necr/Alch/Air  100%       N/A       1%          2
 Sublimation of Blood     Necr           33%        N/A       1%          2
 Summon Small Mammal      Summ           52%        N/A       4%          1
 Call Imp                 Summ           26%        N/A       7%          2
 Frozen Ramparts          Ice            66%        1d10      1%          3
 Gell's Gravitas          Tloc           53%        N/A       1%          3
 Mephitic Cloud           Conj/Alch/Air  69%        N/A       1%          3
 Stone Arrow              Conj/Erth      92%        3d12      1%          3
 Teleport Other           Tloc           53%        N/A       1%          3
 Sticky Flame             Fire/Alch      53%        2d9       1%          4
 Vhi's Electric Charge    Tloc/Air       100%       N/A       1%          4
 Arcjolt                  Conj/Air       28%        1d38      1%          5
 Dimensional Bullseye     Hex/Tloc       19%        N/A       6%          4
 Leda's Liquefaction      Alch/Erth      26%        N/A       7%          4
 Petrify                  Alch/Erth      53%        N/A       7%          4
 Lee's Rapid Deconstruct  Erth           14%        3d9*      11%         5
 Animate Armour           Summ/Erth      40%        N/A       24%         4
 Metabolic Englaciation   Hex/Ice        14%        N/A       36%         5
 Maxwell's Capacitive Co  Air            26%        ∞         93%         8
 Lehudib's Crystal Spear  Conj/Erth      23%        10d6      99%         8
 Summon Hydra             Summ           6%         N/A       100%        7


Dungeon Overview and Level Annotations

Branches:
Dungeon (10/15)            Temple (1/1) D:4            Lair (5/5) D:9
 Shoals (0/4) Lair:2        Snake (0/4) Lair:3        Slime (0/5) Lair:5
 Bailey (visited)
    Orc: D:9-12

Altars:
Ashenzari
Cheibriados
Dithmenos
Elyvilon
Fedhas
Gozag
Hepliaklqana
Kikubaaqudgha
Makhleb
Nemelex Xobeh
Okawaru
Qazlal
Ru
Sif Muna
Trog
Uskayaw
Vehumet
Wu Jian
Xom
Yredelemnul
Zin
The Shining One

Shops:
D:4 *   D:5 [   D:10 :

Annotations:
D:10 2 transporters, turdburglar's ghost, journeyman GnSh
Temple 2 transporters


Message History

The death yak is moderately wounded.
The death yak is knocked back by the mystic blast.
The mystic blast hits the death yak!
The death yak is heavily wounded.
The death yak is knocked back by the mystic blast.
The death yak slams into the rock wall!
The death yak is heavily wounded.
The mystic blast hits the death yak.
The death yak is moderately wounded.
The death yak looks even sicker.
The death yak closely misses you.
Casting: Iskenderun's Mystic Blast (safe; 1% risk of failure)
Confirm with . or Enter, or press ? or * to list all spells.
You erupt in a blast of force!
The mystic blast hits the death yak!
The death yak is severely wounded.
The death yak is knocked back by the mystic blast.
The death yak slams into the rock wall!
The death yak is severely wounded.
The mystic blast hits the death yak but does no damage.
The death yak is moderately wounded.
The death yak closely misses you. The death yak gores you!
* * * LOW HITPOINT WARNING * * *
Casting: Iskenderun's Mystic Blast (safe; 1% risk of failure)
Confirm with . or Enter, or press ? or * to list all spells.
You erupt in a blast of force!
The mystic blast hits the death yak but does no damage.
The death yak is severely wounded.
The mystic blast hits the death yak!
The death yak is heavily wounded.
The death yak is knocked back by the mystic blast.
The death yak looks even sicker.
Your toxic aura wanes.
The death yak gores you.
* * * LOW HITPOINT WARNING * * *
As you read the scroll of fear, it crumbles to dust.
You assume a fearsome visage.
The death yak resists with some effort. x2
The death yak resists with almost no effort.
The death yak gores you.
* * * LOW HITPOINT WARNING * * *
The death yak gores you!
You die...

~~P........#.....................
~P~..........................##..
~~~~~........PP.#.............##.
~~~~.........##..............###.
~~~~.........##................#.
~~~~~........#.................##
#P#~~......##..................##
####....#.P#...Y.....#...........
#...#........@................
##..#..........Y....#P...#.....
##.##............#..<.....##....
##.####......Y....#..............
#.#.# #.......[...##.............
########.........................
#..#.........................
#.#.†........................
##...........................


You could see 3 death yaks.

Vanquished Creatures
  4 hydras
  3 centaur warriors (D:9)
  2 catoblepae
  3 boulder beetles
  5 death yaks
  A tengu warrior (D:9)
  Amaemon (D:9)
  A lindwurm (Lair:4)
  An orc knight (Bailey)
  An oklob plant (Lair:3)
  2 elephants (Lair:4)
  8 black mambas
  An orange demon (D:9)
  A rust devil (D:9)
  A gargoyle (D:9)
  A smoke demon (D:9)
  15 cane toads
  3 kobold demonologists
  5 komodo dragons
  An unseen horror (D:10)
  2 rime drakes
  An efreet (D:9)
  4 trolls (D:9)
  A hellwing (D:9)
  A polar bear (Lair:4)
  A hornet (D:9)
  15 blink frogs
  Sigmund (D:5)
  A slime creature (D:9)
  9 wyverns
  A wraith (D:10)
  A basilisk (Lair:5)
  52 yaks
  Eustachio (D:4)
  3 vampire mosquitoes (D:10)
  3 steam dragons
  A naga (Lair:3)
  4 acid dragons
  12 water moccasins
  Duvessa (D:5)
  6 black bears
  2 sky beasts
  11 orc warriors
  5 ogres
  12 wolves (Lair:2)
  3 centaurs
  A phantom (D:7)
  8 kobold brigands
  5 scorpions
  12 bullfrogs
  A gnoll sergeant (D:9)
  Dowan (D:5)
  A killer bee (D:10)
  An electric eel (D:8)
  3 howler monkeys
  A lava snake (D:9)
  4 bombardier beetles
  3 hounds
  A jelly (D:6)
  5 orc priests
  2 sleepcaps
  4 iguanas
  12 orc wizards
  Ijyb (D:3)
  7 gnolls
  8 adders
  2 shadow imps (D:5)
  6 white imps
  6 ufetubi
  2 ribbon worms
  A dart slug (D:1)
  44 orcs
  11 ball pythons
  11 endoplasms
  3 giant cockroaches
  9 goblins
  4 hobgoblins
  4 quokkas
  3 bats
  2 frilled lizards
  30 kobolds
  3 rats
436 creatures vanquished.

Vanquished Creatures (collateral kills)
  A gnoll bouda (D:7)
  A gnoll (D:7)
2 creatures vanquished.

Vanquished Creatures (others)
  A dancing weapon (D:7)
1 creature vanquished.

Grand Total: 439 creatures vanquished

Notes
Turn   | Place    | Note
-------+----------+-------------------------------------------
     0 | D:1      | hawla the Deep Elf Alchemist began the quest for the Orb.
     0 | D:1      | Reached XP level 1. HP: 10/10 MP: 6/6
   130 | D:1      | Reached skill level 1 in Unarmed Combat
   211 | D:1      | Reached XP level 2. HP: 16/16 MP: 4/8
   361 | D:1      | Reached skill level 1 in Fighting
   364 | D:1      | Learned a level 2 spell: Mercury Vapours
  1228 | D:2      | Reached XP level 3. HP: 19/21 MP: 3/9
  1699 | D:2      | Reached skill level 1 in Air Magic
  1796 | D:2      | You are sucked into a shaft and drop 2 floors!
  1804 | D:4      | Noticed a black bear
  1841 | D:3      | Reached XP level 4. HP: 26/26 MP: 10/10
  2037 | D:3      | Found a faded altar of an unknown god.
  2180 | D:3      | Found an ancient bone altar of Kikubaaqudgha.
  2323 | D:2      | Reached XP level 5. HP: 27/30 MP: 11/11
  2781 | D:3      | Noticed a sky beast
  2788 | D:3      | Killed a sky beast
  2789 | D:3      | Reached XP level 6. HP: 11/35 MP: 9/12
  2977 | D:3      | Found a stormy altar of Qazlal.
  3114 | D:3      | Noticed Ijyb
  3120 | D:3      | Killed Ijyb
  3133 | D:3      | Learned a level 4 spell: Iskenderun's Mystic Blast
  3187 | D:3      | Found a glowing golden altar of the Shining One.
  3872 | D:4      | Reached skill level 5 in Alchemy
  3875 | D:4      | Reached XP level 7. HP: 24/40 MP: 13/13
  3973 | D:4      | Reached skill level 5 in Dodging
  4142 | D:4      | Found Haomicu's Assorted Antiques.
  4144 | D:4      | Found a staircase to the Ecumenical Temple.
  4167 | Temple   | Found a transporter.
  4167 | Temple   | Found a transporter.
  4167 | Temple   | Found a transporter.
  4167 | Temple   | Found a transporter.
  4167 | Temple   | Entered the Ecumenical Temple
  4182 | Temple   | Became a worshipper of Vehumet
  4212 | D:4      | Bought a silver wand for 64 gold pieces
  4212 | D:4      | Bought a scroll labelled VESKYFR QICWETZ for 16 gold pieces
  4212 | D:4      | Bought a pair of boots for 72 gold pieces
  4471 | D:4      | Noticed Eustachio
  4484 | D:4      | Killed Eustachio
  4590 | D:4      | Reached skill level 5 in Conjurations
  4614 | D:5      | Entered Level 5 of the Dungeon
  4674 | D:5      | Noticed Duvessa
  4680 | D:5      | Noticed Dowan
  4684 | D:5      | Reached XP level 8. HP: 44/44 MP: 7/14
  4716 | D:5      | Killed Duvessa
  4717 | D:5      | Reached skill level 1 in Translocations
  4891 | D:5      | Noticed Sigmund
  4898 | D:5      | Killed Sigmund
  5370 | D:5      | Found Ryolix's Armour Boutique.
  5625 | D:5      | Killed Dowan
  6100 | D:6      | Found an iron altar of Okawaru.
  6180 | D:6      | Reached * piety under Vehumet
  6180 | D:6      | Offered knowledge of Shock by Vehumet.
  6333 | D:6      | Reached skill level 5 in Evocations
  6523 | D:6      | Reached XP level 9. HP: 45/48 MP: 10/15
  6722 | D:6      | Learned a level 4 spell: Olgreb's Toxic Radiance
  7347 | D:5      | Bought a scarf of repulsion for 132 gold pieces
  7707 | D:7      | Identified the +3 war axe "Keve" {elec, rC++ Stlth-}
  7755 | D:7      | Reached skill level 5 in Spellcasting
  7805 | D:7      | Got the Elucidation of Transformed Silt
  7809 | D:7      | Learned a level 2 spell: Blink
  7813 | D:7      | Learned a level 3 spell: Tukima's Dance
  8299 | D:7      | Offered knowledge of Scorch by Vehumet.
  8453 | D:7      | Reached ** piety under Vehumet
  8863 | D:7      | Reached skill level 10 in Spellcasting
  8863 | D:7      | Reached skill level 1 in Hexes
 10077 | D:8      | Reached XP level 10. HP: 41/53 MP: 24/26
 10225 | D:8      | Reached skill level 1 in Staves
 10460 | D:9      | Noticed a smoke demon
 10462 | D:9      | Reached skill level 2 in Staves
 10465 | D:10     | Entered Level 10 of the Dungeon
 10608 | D:10     | Reached skill level 3 in Staves
 10618 | D:10     | Reached skill level 4 in Staves
 10630 | D:10     | Offered knowledge of Frozen Ramparts by Vehumet.
 10631 | D:10     | Reached skill level 5 in Staves
 10764 | D:10     | Reached *** piety under Vehumet
 10773 | D:10     | Reached skill level 6 in Staves
 10828 | D:10     | Found a flagged portal.
 10840 | Bailey   | Entered a bailey
 10904 | Bailey   | Offered knowledge of Inner Flame by Vehumet.
 11037 | Bailey   | Noticed an orc knight
 11046 | Bailey   | Reached skill level 7 in Staves
 11047 | Bailey   | Killed an orc knight
 11204 | Bailey   | Identified the +2 tower shield "Sesupt" {rElec rF+++ Slay-3
                  | Stlth-}
 11206 | Bailey   | Identified the +0 crystal plate armour "Taakhlonn" {Dex+4}
 11235 | Bailey   | Reached skill level 8 in Staves
 11580 | D:10     | Reached **** piety under Vehumet
 11721 | D:10     | Noticed turdburglar's ghost (journeyman GnSh)
 11722 | D:10     | Noticed a two-headed ogre
 11743 | D:10     | Found a glowing silver altar of Zin.
 11789 | D:10     | Noticed a boulder beetle
 11800 | D:10     | Found a transporter.
 11804 | D:10     | Found a transporter.
 11890 | D:10     | Found Yca Roed's Book Shop.
 11963 | D:10     | Reached skill level 9 in Staves
 11963 | D:10     | Reached XP level 11. HP: 26/57 MP: 1/27
 12267 | D:9      | Offered knowledge of Ignite Poison by Vehumet.
 12716 | D:9      | Reached skill level 10 in Staves
 12829 | D:9      | Found a sparkling altar of Nemelex Xobeh.
 12879 | D:9      | Reached skill level 11 in Staves
 12976 | D:9      | Found a staircase to the Lair.
 13338 | D:9      | Learned a level 4 spell: Ignite Poison
 13389 | D:9      | Found a burning altar of Makhleb.
 13507 | D:9      | Noticed Amaemon
 13515 | D:9      | Killed Amaemon
 13516 | D:9      | Reached skill level 12 in Staves
 13916 | D:9      | Reached ***** piety under Vehumet
 13917 | D:9      | Reached skill level 13 in Staves
 13918 | D:9      | Offered knowledge of Flame Wave by Vehumet.
 13920 | D:9      | Reached XP level 12. HP: 62/62 MP: 19/28
 13946 | D:9      | Noticed a centaur warrior
 13954 | D:9      | Killed a centaur warrior
 13979 | D:9      | Identified the +2 great sword of Unreason {venom, rF++ rN+}
 13979 | D:9      | Noticed a centaur warrior
 14161 | Lair:1   | Entered Level 1 of the Lair of Beasts
 14188 | Lair:1   | HP: 3/62 [cane toad (22)]
 14533 | D:9      | Noticed a centaur warrior
 14536 | D:9      | Noticed a seven-headed hydra
 14536 | D:9      | Noticed a tengu warrior
 14542 | D:9      | Killed a centaur warrior
 14543 | D:9      | Reached skill level 14 in Staves
 14543 | D:9      | Reached skill level 1 in Fire Magic
 14543 | D:9      | Killed a tengu warrior
 14550 | D:9      | Killed a seven-headed hydra
 14744 | D:9      | Killed a centaur warrior
 14925 | D:9      | Learned a level 5 spell: Freezing Cloud
 14953 | Lair:1   | Reached skill level 1 in Earth Magic
 15049 | Lair:1   | Noticed a catoblepas
 15055 | Lair:1   | Killed a catoblepas
 15155 | Lair:1   | Reached skill level 1 in Ice Magic
 15594 | Lair:1   | Found a bloodstained altar of Trog.
 15640 | Lair:1   | Reached skill level 5 in Air Magic
 15984 | Lair:1   | Reached XP level 13. HP: 37/68 MP: 16/29
 16538 | Lair:2   | Found a staircase to the Shoals.
 16582 | Lair:2   | You fall into a shaft and drop 2 floors!
 17134 | Lair:3   | Found a staircase to the Snake Pit.
 17273 | Lair:2   | Offered knowledge of Orb of Destruction by Vehumet.
 17731 | Lair:2   | Reached skill level 10 in Conjurations
 18473 | Lair:3   | Reached skill level 5 in Translocations
 18991 | Lair:4   | Learned a level 6 spell: Dispersal
 20075 | Lair:5   | Entered Level 5 of the Lair of Beasts
 20075 | Lair:5   | Found a staircase to the Slime Pits.
 20369 | Lair:5   | Reached XP level 14. HP: 42/74 MP: 6/30
 20721 | Lair:4   | Slain by a death yak

Illustrated notes

Levels and vault maps discovered:
D:1:      zaba_arrival_water, layout_basic
D:2:      layout_loops_corners, minmay_pentomino_x4
D:3:      layout_loops_cross, nicolae_qazlal_beasts_of_the_sky,
          mainiacjoe_overflow_surrounded_room,
          nicolae_kikubaaqudgha_miasma_corner,
          dreamdust_ecumenical_altar_angels_and_demons, uniq_ijyb
D:4:      layout_rooms, minmay_temple_entry_junction_2, serial_shops, shop,
          minmay_statues_item, uniq_eustachio
D:5:      layout_basic, serial_shops, nicolae_shop_scrapyard, uniq_sigmund,
          uniq_duvessa
D:6:      layout_cave_pods, kennysheep_okawaru_gauntlet
D:7:      kennysheep_six_static_rooms, layout_basic
D:8:      layout_basic, minivault_24, nicolae_wand_duel
D:9:      minmay_the_grid_square_5x5_3x3 [minmay_the_grid_square_5x5_shrine1,
          minmay_the_grid_square_5x5_slash,
          minmay_the_grid_square_5x5_broken_cross,
          minmay_the_grid_square_5x5_checkered_statues,
          minmay_the_grid_square_5x5_megaprize_crossed,
          minmay_the_grid_square_5x5_empty,
          minmay_the_grid_square_5x5_beaten_path,
          minmay_the_grid_square_5x5_bridge,
          minmay_the_grid_square_5x5_dogpile], layout_basic,
          nemelex_diamond_rough_becter, nicolae_overflow_crystal_walls,
          due_lair_maze_entry_diamond, nicolae_where_there's_smoke, uniq_amaemon
D:10:     layout_loops_ring, mainiacjoe_overflow_paths,
          lightli_bailey_entry_fortress, nzn_ghost_randoct,
          kennysheep_windowed_goal
Temple:   hellmonk_temple_divided_pantheon
Lair:1:   layout_misc_corridors, basic_altar, beast_lair_carwin_7
Lair:2:   layout_regular_city, shoals_dummy_entry
Lair:3:   layout_long_grid, guppyfry_snake_entry_garden, grunt_megastairs_2
Lair:4:   nzn_winding_woodlands_small [nzn_winding_woodlands_5x15_zeroes,
          nzn_winding_woodlands_center_pierced_h,
          nzn_winding_woodlands_5x15_sidewinder], layout_cave_shapes,
          lemuel_fruit_tree, serial_bayou_shore_a
Lair:5:   due_jungle_book, layout_gridlike, slime_entry_1,
          nicolae_lair_grazing_beasts [nicolae_sub_lair_graze_edge,
          nicolae_sub_lair_graze_edge, nicolae_sub_lair_graze_edge,
          nicolae_sub_lair_graze_edge], grunt_megastairs_1

Skill      XL: |  1  2  3  4  5  6  7  8  9 10 11 12 13 14 |
---------------+-------------------------------------------+-----
Unarmed Combat | 1 |  1.0
Fighting       | 1 2 3 4 |  4.0
Air Magic      | 2 6 8 |  8.0
Stealth        | 3 |  3.0
Dodging        | 3 4 6 8 9 |  9.0
Conjurations   | 2 3 5 6 7 10 | 10.0
Alchemy        | 4 5 6 |  6.0
Translocations | 3 8 |  8.0
Necromancy     | 4 |  4.0
Evocations     | 5 6 |  6.0
Spellcasting   | 10 | 10.0
Hexes          | 2 |  2.0
Staves         | 9 13 14 | 14.0
Fire Magic     | 3 |  3.0
Earth Magic    | 3 |  3.0
Ice Magic      | 4 |  4.0

Action                     |  1- 3 |  4- 6 |  7- 9 | 10-12 | 13-15 || total
---------------------------+-------+-------+-------+-------+-------++-------
  Melee: Unarmed           |    14 |     6 |       |       |       ||    20
         Punch             |       |     1 |     6 |     4 |     3 ||    14
         Staff             |       |       |   108 |   121 |    94 ||   323
         Lajatang          |       |       |       |    10 |       ||    10
   Cast: Sting             |    63 |    97 |   188 |   118 |    66 ||   532
         Mercury Vapours   |    13 |    12 |    35 |    16 |     2 ||    78
         Iskenderun's Myst |       |       |    42 |   122 |    77 ||   241
         Olgreb's Toxic Ra |       |       |    15 |    70 |    58 ||   143
         Tukima's Dance    |       |       |     5 |     1 |       ||     6
         Ignite Poison     |       |       |       |     7 |    21 ||    28
         Freezing Cloud    |       |       |       |     2 |     7 ||     9
  Evoke: Wand              |       |       |     8 |    14 |       ||    22
    Use: Potion            |     3 |       |       |     7 |     2 ||    12
         Scroll            |       |     6 |    14 |    12 |     6 ||    38
   Stab: Invisible         |       |       |       |     2 |       ||     2
 Armour: Robe              |    18 |    23 |   171 |   183 |    89 ||   484
  Dodge: Dodged            |    34 |    23 |   270 |   161 |    94 ||   582
         Repelled          |       |       |     2 |    10 |     1 ||    13
